 Dungeon Crawl Stone Soup version 0.31-a0-459-gc8a9bf3d51 (webtiles) character file.

Game seed: 14104409791975201036

89 Ethylacetat the Insei (level 4, -8/25 HPs)
             Began as a Vine Stalker Monk on Aug 4, 2023.
             Mangled by a sleepcap (10 damage)
             ... on level 3 of the Dungeon.
             The game lasted 00:02:14 (1672 turns).

Ethylacetat the Insei (Vine Stalker Monk)           Turns: 1672, Time: 00:02:14

Health: -8/25      AC:  6    Str: 13    XL:     4   Next: 55%
Magic:  0/6        EV:  2    Int: 10    God:
Gold:   87         SH:  0    Dex: 19    Spells: 5/5 levels left

rFire   . .          .
                       - Unarmed
rCold   . . .        c - orb {light}
rNeg    . . .        d - +0 scale mail
rPois   .            (no helmet)
rElec   .            (no cloak)
rCorr   .            (no gloves)
SInv    .            (no boots)
Will    .....        (no amulet) Stlth
                     (no ring)
HPRegen 1.04/turn    (no ring)
MPRegen 0.10/turn

%: guardian spirit
@: confused, sleeping, ambrosia-drunk, glowing
A: fangs 2, regeneration 1, magic shield, antimagic bite, no potion heal 2
a: no special abilities


You were on level 3 of the Dungeon.
You visited 1 branch of the dungeon, and saw 3 of its levels.

You collected 87 gold pieces.

Inventory:

Armour
 c - an orb of light (worn)
 d - a +0 scale mail (worn)
Jewellery
 a - a ring of protection from fire
Wands
 j - a wand of flame (31)
Scrolls
 e - a scroll of silence {unknown}
 h - a scroll of identify {unknown}
 l - a scroll of teleportation {unknown}
Potions
 f - a potion of mutation {unknown}
 g - a potion of curing {unknown}
 i - a potion of haste {unknown}
 k - a potion of degeneration {unknown}


   Skills:
 + Level 3.6 Fighting
 - Level 3.0 Dodging
 - Level 3.6 Unarmed Combat
 + Level 1.1 Spellcasting


You had 5 spell levels left.
You didn't know any spells.
Your spell library contained the following spells:

 Spells                   Type           Power      Damage    Failure   Level
 Blink                    Tloc           0%         N/A       95%         2
 Ensorcelled Hibernation  Hex/Ice        0%         N/A       95%         2
 Lesser Beckoning         Tloc           0%         N/A       95%         2
 Momentum Strike          Conj/Tloc      0%         3d8       95%         2
 Passwall                 Tmut/Erth      0%         N/A       95%         2
 Swiftness                Air            0%         N/A       99%         3


Dungeon Overview and Level Annotations

Branches:
Dungeon (3/15)

Altars:


Innate Abilities, Weirdness & Mutations

You have extremely sharp teeth.
Your natural rate of healing is unusually fast.
When hurt, damage is shared between your health and your magic reserves.
Your bite disrupts and absorbs the magic of your enemies.
Potions cannot restore your health.


Message History

You hit the sleepcap but do no damage.
The sleepcap is heavily damaged.
The sleepcap releases spores at you.
You are engulfed in a cloud of soporific spores!
You fall asleep.
The sleepcap releases spores at you!
You wake up.
* * * LOW HITPOINT WARNING * * *
You are engulfed in a cloud of soporific spores!
You are unaffected.
You hit the sleepcap but do no damage. You bite the sleepcap.
You drain its power.
You feel invigorated.
The sleepcap is moderately damaged.
The sleepcap releases spores at you!
* * * LOW HITPOINT WARNING * * *
You are engulfed in a cloud of soporific spores!
You are unaffected.
You are confused.
Your system rejects the healing.
You feel invigorated. The sleepcap completely misses you.
You hit the sleepcap but do no damage.
You bite the sleepcap, but do no damage.
The sleepcap is moderately damaged.
You hit the sleepcap.
The sleepcap is heavily damaged.
The sleepcap releases spores at you.
* * * LOW HITPOINT WARNING * * *
You are engulfed in a cloud of soporific spores!
You are unaffected.
You hit the sleepcap but do no damage. You bite the sleepcap.
You drain its power.
You feel invigorated.
The sleepcap is heavily damaged.
The sleepcap releases spores at you.
You hit the sleepcap but do no damage.
The sleepcap is heavily damaged.
The sleepcap releases spores at you!
* * * LOW HITPOINT WARNING * * *
You are engulfed in a cloud of soporific spores!
You fall asleep.
The sleepcap releases spores at you!
You die...

#### ##...##
##.....## #.......#
#.......# #...$.f.#
#....@#
.##.....###########
.........##......(#
..........#.......#
.#........#.......##
##.....#..##<.....#
#....###.......#..#
...... ##.####....#
.#..... #.# #.<#


You could see a sleepcap.

Vanquished Creatures
  3 adders (D:2)
  3 worms (D:2)
  2 dart slugs
  8 bats
  4 endoplasms
  5 giant cockroaches
  5 hobgoblins
  3 kobolds
  A quokka (D:1)
  4 ball pythons
  3 goblins
  8 rats
49 creatures vanquished.

Notes
Turn   | Place    | Note
-------+----------+-------------------------------------------
     0 | D:1      | Ethylacetat the Vine Stalker Monk began the quest for the
                  | Orb.
     0 | D:1      | Reached XP level 1. HP: 11/11 MP: 2/2
    70 | D:1      | Reached XP level 2. HP: 16/16 MP: 3/3
   528 | D:1      | Reached XP level 3. HP: 18/20 MP: 4/4
  1218 | D:2      | Gained mutation: Your natural rate of healing is unusually
                  | fast. [Vine Stalker growth]
  1218 | D:2      | Reached XP level 4. HP: 24/24 MP: 5/5
  1609 | D:2      | Reached skill level 1 in Spellcasting
  1666 | D:3      | HP: 1/25 [sleepcap (4)]
  1671 | D:3      | HP: 1/25 [sleepcap (2)]
  1672 | D:3      | Mangled by a sleepcap

Illustrated notes

Levels and vault maps discovered:
D:1:      dpeg_arrival_lava_temple_mockup, layout_basic, minmay_misc_feat_room,
          minivault_27, minmay_tetromino_i4
D:2:      layout_basic
D:3:      layout_rooms

Skill      XL: |  1  2  3  4 |
---------------+-------------+-----
Fighting       | 3 |  3.6
Dodging        | 3 |  3.0
Spellcasting   | 1 |  1.1
Unarmed Combat | |  3.6

Action                     |  1- 3 |  4- 6 || total
---------------------------+-------+-------++-------
  Melee: Unarmed           |   108 |    61 ||   169
         Bite              |    31 |    35 ||    66
    Use: Potion            |       |     1 ||     1
 Armour: Robe              |     5 |       ||     5
         Scale mail        |    37 |    11 ||    48
  Dodge: Dodged            |    50 |    19 ||    69

Table legend: (Time is in decaauts)
 A = Elapsed time spent in this place.
 B = Non-inter-level travel time spent in this place.
 C = Inter-level travel time spent in this place.
 D = Time resting spent in this place.
 E = Time spent auto-exploring this place.
 F = Levels seen in this place.
 G = Mean time per level.
                   A        B        C        D        E       F      G
               +--------+--------+--------+--------+--------+-----+--------+
         Total |   1659 |   1607 |     52 |      0 |   1276 |   3 |  553.0 |
       Dungeon |   1659 |   1607 |     52 |      0 |   1276 |   3 |  553.0 |
               +--------+--------+--------+--------+--------+-----+--------+

Top non-repeatable levels by time:
     D:1: 928 daAuts
     D:2: 700 daAuts
     D:3: 30 daAuts
